 Dungeon Crawl Stone Soup version 0.14-a0-1546-g4b4961f (webtiles) character file.

221 HollowCharge the Slasher (level 4, -5/29 HPs)
             Began as a High Elf Skald on Dec 19, 2013.
             Slain by a worker ant (6 damage)
             ... on Level 4 of the Dungeon.
             The game lasted 00:18:48 (4326 turns).

HollowCharge the Slasher (High Elf Skald)           Turns: 4326, Time: 00:19:04

HP  -5/29        AC  6     Str 15      XL: 4   Next: 95%
MP   7/11        EV  9     Int 16      God:
Gold 87          SH  0     Dex 14      Spells:  3 memorised,  2 levels left

rFire  . . .     SeeInvis .     a - +0 elf falchion
rCold  . . .     Clarity  +     r - +0 ring mail
rNeg   . . .     Conserve .     (no shield)
rPois  .         rCorr    .     (no helmet)
rElec  .         rRot     .     (no cloak)
SustAb . .       Spirit   .     (no gloves)
rMut   .         Warding  .     l - +0 pair of orc boots
Gourm  +         Stasis   .     d - amulet of the gourmand
                                (no ring)
                                s - +3 ring of strength

@: quick, slightly resistant to hostile enchantments, very unstealthy
A: clarity, speed 1, frail 1
a: no special abilities


You were on level 4 of the Dungeon.
You were hungry.

You visited 1 branch of the dungeon, and saw 4 of its levels.

You collected 87 gold pieces.

Inventory:

Hand weapons
 a - a +0,+0 elven falchion (weapon)
Armour
 b - a +0 elven leather armour
 l - a +0 pair of orcish boots (worn)
 r - a +0 ring mail (worn)
Magical devices
 p - a wand of cold (7) {unknown}
Comestibles
 f - 2 bread rations
 g - a meat ration
 k - a lemon
 o - a pear
Scrolls
 h - 2 scrolls of teleportation
 m - a scroll of identify {unknown}
 n - a scroll of magic mapping
Jewellery
 d - an amulet of the gourmand (around neck)
 s - a +3 ring of strength (left hand)
Potions
 i - a potion of agility
 j - a potion of paralysis
Books
 c - a book of Battle

   Spells                             Type                      Level
   *Infusion                          Charms                       1
   *Shroud of Golubria                Charms/Translocation         2
   *Song of Slaying                   Charms                       2
   Spectral Weapon                    Hexes/Charms                 3
   Regeneration                       Charms/Necromancy            3


   Skills:
 + Level 4.1 Fighting
 + Level 4.4 Long Blades
 - Level 0.8 Armour
 - Level 1.1 Dodging
 - Level 2.4 Spellcasting
 - Level 3.6 Charms


You had 2 spell levels left.
You knew the following spells:

 Your Spells              Type           Power        Failure   Level  Hunger
a - Infusion              Chrm           ##....       8%          1    #......
b - Song of Slaying       Chrm           ##......     10%         2    ##.....
c - Shroud of Golubria    Chrm/Tloc      #.........   21%         2    ##.....


Dungeon Overview and Level Annotations

Branches:
Dungeon (4/16)
 Temple: D:4-7

Altars:
Trog


Innate Abilities, Weirdness & Mutations

You possess an exceptional clarity of mind.
You cover ground quickly.
You are frail (-10% HP).


Message History

The worker ant is moderately wounded.
The worker ant bites you but does no damage.
Your ring mail prevents you from hitting the worker ant.
The worker ant is moderately wounded.
The worker ant bites you.
* * * LOW HITPOINT WARNING * * *
You hit the worker ant!
The worker ant is almost dead.
The worker ant bites you.
* * * LOW HITPOINT WARNING * * *
You are poisoned.
The worker ant poisons you! The worker ant bites you.
* * * LOW HITPOINT WARNING * * *
You hit the worker ant.
The worker ant is almost dead.
* * * LOW HITPOINT WARNING * * *
You feel sick.
You feel better. The worker ant bites you.
You die...

##.#######.# . .
#.........# ...
#.........##
.....
#...........
.....
#.#######.##
......#.#
.!.....#.#######.
.........a.......
########@#######.
#.# #.# ... ...
..... #####


You could see a worker ant.

Vanquished Creatures
  A worker ant (D:4)
  3 adders
  A worm (D:3)
  5 giant geckos
  An ooze (D:2)
  A ball python (D:2)
  13 bats
  3 goblins
  9 hobgoblins
  4 jackals (D:1)
  12 kobolds
  2 quokkas (D:3)
  A giant cockroach (D:3)
  3 giant newts
  13 rats
72 creatures vanquished.

Notes
Turn   | Place    | Note
--------------------------------------------------------------
     0 | D:1      | HollowCharge, the High Elf Skald, began the quest for the Orb.
     0 | D:1      | Reached XP level 1. HP: 14/14 MP: 4/4
   450 | D:1      | Reached XP level 2. HP: 16/20 MP: 3/6
  1558 | D:1      | Reached XP level 3. HP: 9/26 MP: 4/8
  2329 | D:1      | Paralysed by a potion of paralysis for 6 turns
  2371 | D:2      | Learned a level 2 spell: Song of Slaying
  2374 | D:2      | Learned a level 2 spell: Shroud of Golubria
  2835 | D:2      | Reached XP level 4. HP: 28/31 MP: 6/11
  3187 | D:3      | Gained mutation: You cover ground quickly. [potion of mutation]
  3187 | D:3      | Gained mutation: You are frail (-10% HP). [potion of mutation]
  3187 | D:3      | Gained mutation: You possess an exceptional clarity of mind. [potion of mutation]
  3494 | D:3      | Reached skill level 4 in Long Blades
  3716 | D:3      | Found a bloodstained altar of Trog.
  4326 | D:4      | HP: 1/29 [poisoned by a worker ant]
  4326 | D:4      | Slain by a worker ant

Action                   |  1- 3 |  4- 6 || total
-------------------------+-------+-------++-------
Melee: Falchion          |   149 |   106 ||   255
 Cast: Infusion          |    11 |     8 ||    19
       Shroud of Golubri |       |     1 ||     1
  Use: Potion            |     4 |     4 ||     8
       Scroll            |     2 |     4 ||     6
